 Dungeon Crawl Stone Soup version 0.28-a0-429-g1448048969 (webtiles) character file.

Game seed: 12797076246131270202

87 robertstho the Magician (level 4, -10/32 HPs)
             Began as a Djinni Fire Elementalist on Sept 10, 2021.
             Killed by nerve-wracking pain
             ... invoked by an orc priest
              (11 damage)
             ... on level 3 of the Dungeon.
             The game lasted 00:02:47 (3435 turns).

robertstho the Magician (Djinni Fire Elementalist)  Turns: 3435, Time: 00:02:47

Health: -10/32     AC:  2    Str:  7    XL:     4   Next: 80%
Gold:   71         EV: 12    Int: 17    God:
                   SH:  0    Dex: 14

rFire   + + .      SeeInvis .   h - +0 short sword
rCold   x . .      Faith    .   (no shield)
rNeg    . . .      Spirit   .   a - +0 robe
rPois   ∞          Reflect  .   (no helmet)
rElec   .          Harm     .   (no cloak)
rCorr   .          Rampage  .   (no gloves)
Will    .....                   (boots unavailable)
Stlth   ++........              (no amulet)
HPRegen 0.10/turn               (no ring)
MPRegen 0.00/turn               (no ring)

@: flying, very slightly contaminated
A: sickness immunity, fire resistance 2, cold vulnerability 1, float, innate
caster, hp casting, extra vitality 1
a: no special abilities


You were on level 3 of the Dungeon.
You visited 1 branch of the dungeon, and saw 3 of its levels.

You collected 71 gold pieces.

Inventory:

Hand Weapons
 h - a +0 short sword (weapon)
Armour
 a - a +0 robe (worn)
Scrolls
 c - a scroll of magic mapping {unknown}
 d - 3 scrolls of identify {unknown}
 e - a scroll of enchant weapon {unknown}
 f - 2 scrolls of blinking {unknown}
 i - a scroll of teleportation {unknown}
Potions
 b - 2 potions of degeneration {unknown}
 g - a potion of haste {unknown}
 j - a potion of might {unknown}


   Skills:
 * Level 1.2 Fighting
 + Level 2.4 Dodging
 + Level 2.0 Stealth
 * Level 3.6 Spellcasting


You couldn't memorise any spells.
You knew the following spells:

 Your Spells              Type           Power      Damage    Failure   Level
a - Foxfire               Conj/Fire      60%        2x1d7     3%          1
b - Scorch                Fire           30%        2d7       5%          2
c - Conjure Flame         Conj/Fire      15%        6-21      11%         3
d - Inner Flame           Hex/Fire       15%        N/A       11%         3
e - Flame Wave            Conj/Fire      15%        3d5       36%         4
f - Sting                 Tmut/Pois      60%        1d6       3%          1
Your spell library was empty.

Dungeon Overview and Level Annotations

Branches:
Dungeon (3/15)

Altars:


Innate Abilities, Weirdness & Mutations

You are immune to sickness and miasma.
You are immune to poison.
Your flesh is very heat resistant. (rF++)
You are vulnerable to cold. (rC-)
You float through the air rather than walking.
You learn spells naturally, not from books.
Your magical power is your life essence.
You have superior vitality. (+4 HP)


Message History

You hear a shout!
Casting: Foxfire (safe; 3% risk of failure)
Press: ? - help, Q - select action, (/) - cycle Dir - look around, f - activate You conjure some foxfire!
You hear a shout!
Unknown command.
An orc priest is nearby!
An orc priest is nearby!
An orc priest is nearby!
An orc priest is nearby!
An orc priest is nearby!
Casting: Foxfire (safe; 3% risk of failure)
Press: ? - help, Q - select action, (/) - cycle Dir - look around, f - activate You conjure some foxfire!
The foxfire hits the orc priest but does no damage.
The orc priest is moderately wounded.
The foxfire hits the orc priest but does no damage.
The orc priest is moderately wounded.
Your foxfire dissipates!
Casting: Foxfire (safe; 3% risk of failure)
Press: ? - help, Q - select action, (/) - cycle Dir - look around, f - activate You miscast Foxfire.
You are very lightly contaminated with residual magic.
Nothing appears to happen.
The foxfire hits the orc priest but does no damage.
The orc priest is moderately wounded.
The orc priest calls down the wrath of Beogh upon you.
Beogh smites you!
* * * LOW HITPOINT WARNING * * *
Casting: Foxfire (safe; 3% risk of failure)
Press: ? - help, Q - select action, (/) - cycle Dir - look around, f - activate You conjure some foxfire!
* * * LOW HITPOINT WARNING * * *
The foxfire hits the orc priest.
The orc priest completely resists.
The orc priest is moderately wounded.
The foxfire hits the orc priest.
The orc priest resists.
The orc priest is heavily wounded.
The orc priest mumbles some strange prayers to Beogh against you.
Pain shoots through your body!
You die...

### ####...#
##############.)....#
#### ##..(.§......).)#
...####..######.v.#####
...#....## #§@.#
.....#### #.v..# ...###
#...§..# .......
#.#.§..# ...###..
#....§..# ...#
....!..o.# ..... .
...).... ......
.###..... ######


You could see an orc priest (ally target).

Vanquished Creatures
  3 adders (D:2)
  A worm (D:2)
  2 dart slugs (D:2)
  3 orcs (D:3)
  3 ball pythons
  2 bats
  5 endoplasms
  6 giant cockroaches
  3 goblins (D:2)
  3 hobgoblins
  4 quokkas
  4 kobolds
  6 rats
45 creatures vanquished.

Vanquished Creatures (others)
  264 foxfires
264 creatures vanquished.

Grand Total: 309 creatures vanquished

Notes
Turn   | Place    | Note
-------+----------+-------------------------------------------
     0 | D:1      | robertstho the Djinni Fire Elementalist began the quest for
                  | the Orb.
     0 | D:1      | Reached XP level 1. HP: 15/15 MP: 0/0
   369 | D:1      | Reached XP level 2. HP: 20/22 MP: 0/0
   866 | D:1      | Found a faded altar of an unknown god.
  1549 | D:1      | Reached XP level 3. HP: 21/26 MP: 0/0
  1549 | D:1      | Learned a level 1 spell: Sting
  1984 | D:2      | Reached skill level 3 in Spellcasting
  2212 | D:2      | Reached skill level 1 in Fighting
  2702 | D:2      | Reached XP level 4. HP: 29/32 MP: 0/0
  3435 | D:3      | Killed from afar by an orc priest

Illustrated notes

Levels and vault maps discovered:
D:1:      lightli_arrival_statuegarden, layout_basic,
          dreamdust_ecumenical_altar_angels_and_demons
D:2:      layout_basic, grunt_decor_mini_mirrors
D:3:      layout_rooms, minmay_rat_hole

Skill      XL: |  1  2  3  4 |
---------------+-------------+-----
Spellcasting   | 3 |  3.6
Fighting       | 1 |  1.2
Stealth        | 2 |  2.0
Dodging        | |  2.4

Action                   |  1- 3 |  4- 6 || total
-------------------------+-------+-------++-------
Melee: Unarmed           |     1 |       ||     1
 Cast: Foxfire           |   110 |    47 ||   157
Armor: Robe              |     3 |       ||     3
Dodge: Dodged            |    12 |       ||    12

Table legend: (Time is in decaauts)
 A = Elapsed time spent in this place.
 B = Non-inter-level travel time spent in this place.
 C = Inter-level travel time spent in this place.
 D = Time resting spent in this place.
 E = Time spent auto-exploring this place.
 F = Levels seen in this place.
 G = Mean time per level.
                   A        B        C        D        E       F      G
               +--------+--------+--------+--------+--------+-----+--------+
         Total |   3434 |   3394 |     40 |      0 |   3082 |   3 | 1144.7 |
       Dungeon |   3434 |   3394 |     40 |      0 |   3082 |   3 | 1144.7 |
               +--------+--------+--------+--------+--------+-----+--------+

Top non-repeatable levels by time:
     D:1: 1871 daAuts
     D:2: 1414 daAuts
     D:3: 148 daAuts
